 Dungeon Crawl Stone Soup version 0.31-a0-740-g87205ac768 (webtiles) character file.

Game seed: 11931273905131287751

6909 javelincjr the Spear-Bearer (level 10, -4/91 HPs)
             Began as a Minotaur Gladiator on Sept 12, 2023.
             Was a Priest of Qazlal.
             Collided with a rock wall (13 damage)
             ... caused by a rakshasa (illusionary)
             ... on level 10 of the Dungeon.
             The game lasted 00:28:55 (8517 turns).

javelincjr the Spear-Bearer (Minotaur Gladiator)    Turns: 8517, Time: 00:28:56

Health: -4/91      AC: 16    Str: 23    XL:     10   Next: 79%
Magic:  9/10       EV: 13    Int:  5    God:    Qazlal [***...]
Gold:   1121       SH:  4    Dex:  9    Spells: 9/9 levels left

rFire   . . .        P - +8 halberd "Gahokkyst" {drain, rElec rPois Dex-3}
rCold   . . .        (shield currently unavailable)
rNeg    . . .        y - +4 ring mail
rPois   +            N - +2 hat
rElec   +            (no cloak)
rCorr   .            E - +2 pair of gloves {infuse}
SInv    .            (no boots)
Will    .....        M - amulet of magic regeneration Stlth
                     q - +4 ring of slaying
HPRegen 0.35/turn    z - ring of poison resistance
MPRegen 0.52/turn

%: infuse magic (1 MP)
@: no status effects
A: horns 2, retaliatory headbutt
a: Renounce Religion, Upheaval, Elemental Force


You were on level 10 of the Dungeon.
You worshipped Qazlal.
Qazlal was most pleased with you.
You visited 2 branches of the dungeon, and saw 11 of its levels.
You also visited: Bailey.

You collected 1121 gold pieces.

Inventory:

Hand Weapons
 a - a +0 trident
 c - the +1 glaive of Syotin {antimagic, Str+2 Dex+3}
   (You acquired it on level 8 of the Dungeon)

   Str+2:     It affects your strength (+2).
   Dex+3:     It affects your dexterity (+3).
 f - a +3 short sword of protection
 i - a +1 dagger of electrocution
 m - a +0 hand axe of flaming
 o - a +5 broad axe
 P - the +8 halberd "Gahokkyst" (weapon) {drain, rElec rPois Dex-3}
   (You found it on level 9 of the Dungeon)

   Dex-3:     It affects your dexterity (-3).
   rElec:     It insulates you from electricity.
   rPois:     It protects you from poison
Missiles
 b - 8 poisoned darts
 d - 5 throwing nets
 e - 3 javelins
 p - 14 boomerangs (quivered)
 x - a curare-tipped dart
Armour
 y - a +4 ring mail (worn)
 B - a +1 scale mail of poison resistance
 D - a +0 plate armour
 E - a +2 pair of gloves of infusion (worn)
 N - a +2 hat (worn)
Jewellery
 g - a ring of wizardry
 l - an amulet of faith
 q - a +4 ring of slaying (left hand)
 z - a ring of poison resistance (right hand)
 M - an amulet of magic regeneration (around neck)
Wands
 G - a wand of paralysis (17)
Scrolls
 h - a scroll of poison {unknown}
 j - 3 scrolls of blinking
 k - 3 scrolls of revelation
 n - 2 scrolls of noise
 r - 2 scrolls of enchant armour
 s - 4 scrolls of fear
 t - 2 scrolls of immolation
 u - a scroll of enchant weapon {unknown}
 v - a scroll of vulnerability {unknown}
 F - a scroll of torment {unknown}
 I - 2 scrolls of teleportation
Potions
 w - 3 potions of haste
 A - 2 potions of curing
 C - 3 potions of heal wounds
 H - a potion of enlightenment
 J - a potion of attraction {unknown}
 K - a potion of magic {unknown}
 L - a potion of might {unknown}
 O - a potion of lignification {unknown}


   Skills:
 + Level 9.3 Fighting
 + Level 2.6(6.6) Axes
 + Level 9.7(9.8) Polearms
 + Level 7.7 Throwing
 + Level 7.7 Armour
 + Level 8.9 Dodging
 + Level 2.0 Invocations


You had 9 spell levels left.
You didn't know any spells.
Your spell library contained the following spells:

 Spells                   Type           Power      Damage    Failure   Level
 Magic Dart               Conj           0%         1d3       61%         1
 Call Imp                 Summ           0%         N/A       75%         2
 Cigotuvi's Dreadful Rot  Necr/Pois/Air  0%         N/A       75%         2
 Mephitic Cloud           Conj/Pois/Air  0%         N/A       93%         3
 Summon Guardian Golem    Hex/Summ       0%         N/A       93%         3
 Animate Armour           Summ/Erth      0%         N/A       100%        4
 Dispel Undead            Necr           0%         3d6       100%        4
 Summon Lightning Spire   Summ/Air       0%         N/A       100%        4
 Lee's Rapid Deconstruct  Erth           0%         3d4*      100%        5
 Death Channel            Necr           0%         N/A       100%        6
 Simulacrum               Ice/Necr       0%         N/A       100%        6
 Orb of Destruction       Conj           0%         9d5       100%        7
 Ozocubu's Refrigeration  Ice            0%         4d7       100%        7
 Spellforged Servitor     Conj/Summ      0%         N/A       100%        7
 Polar Vortex             Ice            0%         N/A       100%        9


Dungeon Overview and Level Annotations

Branches:
Dungeon (10/15)            Temple (1/1) D:6          Bailey (visited)
   Lair: D:8-11         Orc: D:9-12

Altars:
Ashenzari
Cheibriados
Dithmenos
Elyvilon
Fedhas
Gozag
Hepliaklqana
Kikubaaqudgha
Makhleb
Nemelex Xobeh
Okawaru
Qazlal
Ru
Sif Muna
Trog
Uskayaw
Vehumet
Wu Jian
Xom
Yredelemnul
Zin
The Shining One

Shops:
D:2 :

Annotations:
D:4 2 transporters, Newt's ghost, amateur DsGl


Innate Abilities, Weirdness & Mutations

You have a pair of horns on your head.
You reflexively headbutt those who attack you in melee.


Message History

Press: ? - help, Q - select action, (/) - cycle Shift-Dir - straight line, f/p - efreet
Aim: an efreet, wielding a +2 scimitar of flaming (severely wounded, 81% to hit)
You throw a boomerang. The boomerang barely misses the efreet.
The boomerang closely misses the rakshasa.
You reach to attack!
You impale the efreet!!
You kill the efreet!
Qazlal accepts your kill.
The rakshasa blinks!
Your Invocations skill increases to level 2!
You reach to attack!
You closely miss the rakshasa.
The rakshasa is moderately wounded.
The rakshasa misses you.
You reach to attack!
You hit the rakshasa.
The rakshasa is heavily wounded.
The rakshasa hits you from afar with a +0 trident!
You are too injured to fight recklessly!
You are too injured to fight recklessly!
You are too injured to fight recklessly!
Reach: P) +8 halberd "Gahokkyst" {drain, rElec rPois Dex-3}
Press: ? - help, Dir - move target, f/p - rakshasa
Aim: a rakshasa, wielding a +0 trident and wearing a +0 robe (heavily wounded, about 40% to evade the +8 halberd "Gahokkyst")
You reach to attack!
You closely miss the rakshasa.
The rakshasa is heavily wounded.
The rakshasa gestures at you. The lance of force hits you.
You are knocked back by the lance of force.
You slam into the rock wall!
* * * LOW HITPOINT WARNING * * *
Reach: P) +8 halberd "Gahokkyst" {drain, rElec rPois Dex-3}
Press: ? - help, Dir - move target, f/p - rakshasa
Aim: a rakshasa, wielding a +0 trident and wearing a +0 robe (heavily wounded, about 40% to evade the +8 halberd "Gahokkyst")
You reach to attack!
You slash the rakshasa!
The rakshasa is severely wounded.
The injured rakshasa weaves a defensive illusion!
The rakshasa gestures at you. The lance of force hits you!
* * * LOW HITPOINT WARNING * * *
You are knocked back by the lance of force.
You slam into the rock wall!
You die...

.. .. #..#
###.~~~~~≈≈ #.
##.###.'.~~≈≈≈≈≈
#.
#..##.#.≈≈≈≈≈≈≈
#.
##.##.#.~~~~≈~~
#....#........
##.###########
#..#...#
##.R..R#
###R○@###
###..)###
☼###...###
#R.###...###
#....###...#
!......°##.#
#....###...# #R.
.##..# . ## .##


You could see 3 rakshasas.

Vanquished Creatures
  An orc warlord (Bailey)
  2 orc knights (Bailey)
  An efreet (D:10)
  A troll (D:10)
  2 wraiths (D:9)
  Sigmund (D:6)
  2 wyverns
  A steam dragon (D:8)
  2 acid dragons
  7 orc warriors
  3 water moccasins
  2 black bears
  A sky beast (D:6)
  An ice beast (D:6)
  An ogre (D:6)
  A centaur (D:10)
  3 phantoms
  2 kobold brigands
  2 bullfrogs
  A gnoll sergeant (D:9)
  A scorpion (D:5)
  7 killer bees
  A howler monkey (D:8)
  An electric eel (D:10)
  2 hounds
  3 jellies
  9 orc priests
  2 sleepcaps
  2 iguanas
  11 orc wizards
  15 gnolls
  7 adders
  A shadow imp (D:8)
  A white imp (D:5)
  An ufetubus (D:6)
  A worm (D:3)
  3 dart slugs
  53 orcs
  5 ball pythons
  2 bats (D:1)
  10 endoplasms
  8 giant cockroaches
  20 goblins
  17 hobgoblins
  6 jackals
  2 quokkas
  3 frilled lizards
  15 kobolds
  4 rats
250 creatures vanquished.

Vanquished Creatures (others)
  A human (D:5)
1 creature vanquished.

Grand Total: 251 creatures vanquished

Notes
Turn   | Place    | Note
-------+----------+-------------------------------------------
     0 | D:1      | javelincjr the Minotaur Gladiator began the quest for the
                  | Orb.
     0 | D:1      | Reached XP level 1. HP: 18/18 MP: 0/0
    61 | D:1      | Reached XP level 2. HP: 25/25 MP: 1/1
   445 | D:1      | Reached XP level 3. HP: 30/30 MP: 2/2
  1282 | D:2      | Reached XP level 4. HP: 38/38 MP: 3/3
  1310 | D:2      | Found Ablag's Vocational Training.
  1604 | D:3      | Found a faded altar of an unknown god.
  1752 | D:3      | Reached XP level 5. HP: 31/46 MP: 4/4
  2422 | D:4      | Found a transporter.
  2422 | D:4      | Noticed Newt's ghost (amateur DsGl)
  2426 | D:4      | Noticed a wyvern
  2427 | D:4      | Found a transporter.
  2427 | D:4      | Noticed a black bear
  2440 | D:4      | Killed a black bear
  2441 | D:4      | Reached skill level 5 in Polearms
  2441 | D:4      | Reached XP level 6. HP: 34/53 MP: 5/5
  2889 | D:4      | Found a burning altar of Makhleb.
  2995 | D:5      | Entered Level 5 of the Dungeon
  3233 | D:5      | Reached skill level 5 in Dodging
  3383 | D:5      | Found an ancient bone altar of Kikubaaqudgha.
  3387 | D:5      | Noticed a human
  3389 | D:5      | Killed a human
  3787 | D:5      | Reached skill level 1 in Armour
  3787 | D:5      | Reached XP level 7. HP: 60/60 MP: 6/6
  4012 | D:6      | Found a hide-covered altar of Uskayaw.
  4064 | D:6      | Reached skill level 5 in Fighting
  4069 | D:6      | Found a staircase to the Ecumenical Temple.
  4086 | Temple   | Entered the Ecumenical Temple
  4101 | Temple   | Became a worshipper of Qazlal Stormbringer
  4381 | D:6      | Noticed Sigmund
  4388 | D:6      | Killed Sigmund
  4408 | D:6      | Reached XP level 8. HP: 70/70 MP: 7/7
  4438 | D:6      | Reached skill level 5 in Throwing
  4521 | D:6      | Found a basalt altar of Yredelemnul.
  4904 | D:6      | Reached * piety under Qazlal
  5286 | D:7      | Reached XP level 9. HP: 78/78 MP: 8/8
  5331 | D:7      | Reached skill level 5 in Armour
  5706 | D:7      | Found a snail-covered altar of Cheibriados.
  5706 | D:7      | Found a sacrificial altar of Ru.
  6410 | D:8      | Reached ** piety under Qazlal
  6620 | D:8      | Found a flagged portal.
  6630 | Bailey   | Entered a bailey
  7044 | Bailey   | Noticed an orc knight
  7070 | Bailey   | Killed an orc knight
  7253 | Bailey   | Noticed an orc warlord
  7253 | Bailey   | Noticed an orc knight
  7258 | Bailey   | Killed an orc warlord
  7258 | Bailey   | Reached *** piety under Qazlal
  7259 | Bailey   | Reached XP level 10. HP: 90/90 MP: 7/9
  7259 | Bailey   | Killed an orc knight
  7532 | D:8      | Acquired 444 gold pieces
  7533 | D:8      | Acquired the +1 glaive of Syotin {antimagic, Str+2 Dex+3}
  7735 | D:9      | Reached skill level 1 in Axes
  7892 | D:9      | Reached skill level 1 in Invocations
  8013 | D:9      | Identified the +8 halberd "Gahokkyst" {drain, rElec rPois
                  | Dex-3}
  8145 | D:9      | Found a shadowy altar of Dithmenos.
  8253 | D:9      | Found an iron altar of Okawaru.
  8299 | D:10     | Entered Level 10 of the Dungeon
  8496 | D:10     | Noticed a rakshasa
  8517 | D:10     | Collided with a rock wall

Illustrated notes

Levels and vault maps discovered:
D:1:      elethiomel_arrival_infinity_welcomes_careful_drivers, layout_basic
D:2:      layout_loops_ring, nicolae_shop_vocational
D:3:      layout_loops_cross, ebering_ecumenical_altar_ruins,
          saegor_snake_ambush
D:4:      layout_basic, makhleb_blood_cavern_becter, gammafunk_ghost_arena,
          roderic_roman_lattice
D:5:      layout_basic, tgw_kikubaaqudgha, minmay_parallelograms
D:6:      layout_loops_ring, mainiacjoe_overflow_cross_hatched,
          mainiacjoe_overflow_six_doors_small, minmay_temple_entry_statues,
          grunt_decor_resistance, uniq_sigmund
D:7:      layout_basic, gammafunk_temple_overflow_pools
D:8:      layout_rooms, enter_bailey_2, nicolae_nh_ransacked_shop
D:9:      layout_rooms, kennysheep_little_box, mainiacjoe_overflow_alcove_2
D:10:     minmay_the_grid_four_pointed_star
          [minmay_the_grid_triangle_9x9_warning,
          minmay_the_grid_triangle_9x9_from_above,
          minmay_the_grid_triangle_9x9_intruding_spiral,
          minmay_the_grid_triangle_9x9_swiss_cheese,
          minmay_the_grid_prize_trominoes], layout_cave_pools,
          kennysheep_orc_monster_closet_entryway, hangedman_stone_soup,
          dk_noncrumbling_3, chequers_serial_rivers_micro_a, grunt_livestock,
          st_stairs_7, minivault_26, nrook_pool_corridor
Temple:   eino_narrow_crystal_temple

Skill      XL: |  1  2  3  4  5  6  7  8  9 10 |
---------------+-------------------------------+-----
Polearms       | 4 5 6 7 9 |  9.7
Fighting       | 3 4 5 6 8 9 |  9.3
Dodging        | 4 5 6 8 |  8.9
Throwing       | 3 4 5 7 |  7.7
Armour         | 1 2 4 6 7 |  7.7
Axes           | 2 |  2.6
Invocations    | 2 |  2.0

Action                     |  1- 3 |  4- 6 |  7- 9 | 10-12 || total
---------------------------+-------+-------+-------+-------++-------
  Melee: Trident           |   107 |   127 |   283 |     1 ||   518
         Headbutt          |    10 |    17 |    43 |    10 ||    80
         Punch             |     1 |       |       |       ||     1
         Glaive            |       |       |       |    65 ||    65
         Halberd           |       |       |       |    18 ||    18
  Throw: Throwing net      |       |     1 |       |       ||     1
         Boomerang         |       |       |    24 |    23 ||    47
    Use: Potion            |       |     2 |       |       ||     2
         Scroll            |       |       |    11 |     2 ||    13
 Armour: Leather armour    |    31 |    36 |       |       ||    67
         Chain mail        |       |     1 |       |       ||     1
         Ring mail         |       |       |    98 |    81 ||   179
  Dodge: Dodged            |    49 |    42 |    81 |    89 ||   261
  Block: Other             |       |       |     5 |    18 ||    23

Table legend: (Time is in decaauts)
 A = Elapsed time spent in this place.
 B = Non-inter-level travel time spent in this place.
 C = Inter-level travel time spent in this place.
 D = Time resting spent in this place.
 E = Time spent auto-exploring this place.
 F = Levels seen in this place.
 G = Mean time per level.
                   A        B        C        D        E       F      G
               +--------+--------+--------+--------+--------+-----+--------+
         Total |   8542 |   8151 |    391 |    572 |   5917 |  12 |  711.8 |
       Dungeon |   7658 |   7296 |    362 |    232 |   5724 |  10 |  765.8 |
        Temple |     30 |      1 |     29 |      0 |      0 |   1 |   30.0 |
        Bailey |    852 |    852 |      0 |    340 |    193 |   1 |  852.0 |
               +--------+--------+--------+--------+--------+-----+--------+

Top non-repeatable levels by time:
     D:6: 1083 daAuts
     D:5: 1007 daAuts
     D:7: 987 daAuts
  Bailey: 852 daAuts
     D:3: 813 daAuts
     D:1: 796 daAuts
     D:4: 769 daAuts
     D:8: 703 daAuts
     D:2: 644 daAuts
     D:9: 636 daAuts
    D:10: 216 daAuts
  Temple: 30 daAuts
